 Adventure DCSS version bcrawl-1.27.3 (webtiles) character file.

Game seed: 15434491855312209720

152949 galech the Covered (level 3, 29/29 HPs)
             Began as a Demonspawn Fighter on July 31, 2020.
             Quit the game on level 1 of the Dungeon.
             The game lasted 00:01:14 (685 turns).

galech the Covered (Demonspawn Fighter)              Turns: 685, Time: 00:01:14

Health: 29/29      AC:  8    Str: 16    XL:     3   Next: 32%
Magic:  3/3        EV:  4    Int:  9    God:
Gold:   77         SH:  8    Dex: 13    Spells: 2/2 levels left
                                        Lives:  2   Deaths: 0

rFire    + . .     SeeInvis .   a - +0 war axe
rCold    . . .     Gourm    .   c - +0 medium shield
rNeg     . . .     Faith    .   b - +0 scale mail
rPois    .         Spirit   .   (no helmet)
rElec    .         Reflect  .   (no cloak)
rCorr    .         Harm     .   (no gloves)
MR       .....                  h - +0 pair of boots
Stlth    ..........             (no amulet)
HPRegen  0.09/turn              (no ring)
MPRegen  0.08/turn              (no ring)

@: no status effects
A: hooves 1, fire resistance 1
a: no special abilities


You were on level 1 of the Dungeon.
You were not hungry.

You visited 1 branch of the dungeon, and saw 1 of its levels.

You collected 77 gold pieces.

Inventory:

Hand Weapons
 a - a +0 war axe (weapon)
Armour
 b - a +0 scale mail (worn)
 c - a +0 medium shield (worn)
 h - a +0 pair of boots (worn)
Scrolls
 g - a scroll of identify
 i - a scroll of teleportation {unknown}
 l - a scroll of amnesia {unknown}
 m - a scroll of enchant armour {unknown}
Potions
 d - a potion of might
 j - a potion of invisibility {unknown}
 k - 2 potions of degeneration {unknown}
Comestibles
 e - 3 rations {!d}
 f - 3 chunks of flesh


   Skills:
 + Level 3.2 Fighting
 + Level 2.3 Axes
 + Level 3.3 Armour
 + Level 2.9 Shields


You had 2 spell levels left.
You didn't know any spells.
Your spell library was empty.

Dungeon Overview and Level Annotations

Branches:
Dungeon (1/12)

Altars:


Innate Abilities, Weirdness & Mutations

You have large cloven feet.
Your flesh is heat resistant. (rF+)


Message History

l - a scroll labeled SEOSYAPPIMIU
Found a stone staircase leading down.
There is a stone staircase leading down here.
m - a scroll labeled HUUDIEGEVU You see here a mace.
Found a stone staircase leading down.
You now have 77 gold pieces (gained 14).
Some of the chunks of flesh in your inventory have rotted away.
e - 3 rations {!d} (gained 1)
There is a stone staircase leading down here.
You see here 175 bolts.
You open the door.
There is an open door here.
You see here a hobgoblin skeleton.
A jackal comes into view.
The jackal barks!
You hear a shout!
A hobgoblin comes into view.
There are monsters nearby!
There are monsters nearby!
Are you sure you want to abandon this character and quit the game? (Confirm with "yes".)

###......+ .## #..........
#........#...# #.##.#####.
#.....##.#...# #. #.# #.
####.....##.....##. # ..
#. ..##.............. ###
#. ..####.....####... #.
..# #.#.......### # #. ..#
#.#..(#...#.#.##..g #. ..#
#.#.......#@....h.. #. ..#
#...........#...... #. ..#
#.#................ #.
..####.#.###..##.#......
#. ..รท..#
#.#....##...#.###########.
.###.#
###.......................
.# #.#
#.........#.###.........##
## #.###.#....##.#.#
#.........#
###.....#....##.#.#
#.........#


You could see a jackal and a hobgoblin (wandering).

Vanquished Creatures
  A worm (D:1)
  A dart slug (D:1)
  2 leopard geckos (D:1)
  2 giant cockroaches (D:1)
  2 goblins (D:1)
  5 hobgoblins (D:1)
  4 jackals (D:1)
  4 bats (D:1)
  2 frilled lizards (D:1)
  3 kobolds (D:1)
  5 rats (D:1)
31 creatures vanquished.

Notes
Turn   | Place    | Note
-------+----------+-------------------------------------------
     0 | D:1      | galech the Demonspawn Fighter began the quest for the Orb.
     0 | D:1      | Reached XP level 1. HP: 18/18 MP: 1/1
   271 | D:1      | Gained mutation: You have large cloven feet. [demonic
                  | ancestry]
   271 | D:1      | Reached XP level 2. HP: 19/24 MP: 2/2
   523 | D:1      | Gained mutation: Your flesh is heat resistant. (rF+)
                  | [demonic ancestry]
   523 | D:1      | Reached XP level 3. HP: 27/29 MP: 3/3
   685 | D:1      | Quit the game

Skill      XL: |  1  2 |
---------------+-------+-----
Axes           | 2 |  2.3
Armour         | 3 |  3.3
Fighting       | |  3.2
Shields        | |  2.9

Action                   || total
-------------------------++-------
Melee: War axe           ||    73
  Eat: Chunk             ||     2
Armor: Scale mail        ||    46
Dodge: Dodged            ||    19
Block: Medium shield     ||    41
